 Dungeon Crawl Stone Soup version 0.20-a0-350-ga83eecc (webtiles) character file.

205 snakesoul the Shield-Bearer (level 5, -11/34 HPs)
             Began as a Gargoyle Fighter on Dec 24, 2016.
             Killed by divine providence
             ... invoked by an orc priest
              (14 damage)
             ... on level 2 of the Dungeon.
             The game lasted 00:04:04 (2836 turns).

snakesoul the Shield-Bearer (Gargoyle Fighter)      Turns: 2836, Time: 00:04:05

Health: -11/34     AC: 15    Str: 20    XL:     5   Next: 83%
Magic:  5/5        EV:  5    Int:  8    God:
Gold:   105        SH:  9    Dex: 10    Spells: 4/4 levels left

rFire  . . .     SeeInvis .     q - +0 morningstar
rCold  . . .     Gourm    .     i - +0 chain mail
rNeg   + . .     Faith    .     c - +0 shield
rPois  ∞         Spirit   .     d - +1 helmet
rElec  +         Reflect  .     (no cloak)
rCorr  .         Harm     .     (no gloves)
MR     .....                    (no boots)
Stlth  ..........               (no amulet)
                                (no ring)
                                (no ring)

@: no status effects
A: negative energy resistance 1, electricity resistance, unbreathing,
petrification resistance, rot immunity, AC +4
a: no special abilities


You were on level 2 of the Dungeon.
You were hungry.

You visited 1 branch of the dungeon, and saw 3 of its levels.

You collected 105 gold pieces.

Inventory:

Hand Weapons
 a - a +0 flail
 q - a +0 morningstar (weapon)
Armour
 b - a +0 scale mail
 c - a +0 shield (worn)
 d - a +1 helmet (worn)
 i - a +0 chain mail (worn)
Scrolls
 e - 3 scrolls of identify {unknown}
 n - a scroll of amnesia {unknown}
Potions
 h - 2 potions of resistance
 k - a potion of haste {unknown}
 l - a potion of beneficial mutation {unknown}
 m - a potion of curing {unknown}
 p - a potion of lignification {unknown}
Comestibles
 f - a bread ration
 g - a meat ration
 j - 2 beef jerkies


   Skills:
 + Level 4.3 Fighting
 * Level 4.4 Maces & Flails
 - Level 3.2 Armour
 + Level 4.4 Shields


You had 4 spell levels left.
You didn't know any spells.

Dungeon Overview and Level Annotations

Branches:
Dungeon (3/15)

Altars:

Annotations:
D:3 wazuzu's ghost, amateur OgNe


Innate Abilities, Weirdness & Mutations

You are resistant to torment.
Your stone body is resilient. (AC +4)
You are immune to poison.
You resist negative energy. (rN+)
You are resistant to electric shocks. (rElec)
You can survive without breathing.
You are immune to petrification.
You are immune to rotting.


Message History

Wazuzu's ghost casts a spell at you. Pain shoots through your body!
* * * LOW HITPOINT WARNING * * *
You block the orc priest's attack.
You climb upwards.
There is a stone staircase leading down here.
Unknown command.
Unknown command.
You hit the orc priest.
The orc priest is lightly wounded.
The orc priest hits you with a quarterstaff.
* * * LOW HITPOINT WARNING * * *
You hit the orc priest.
The orc priest is moderately wounded.
The orc priest barely misses you.
You hit the orc priest but do no damage.
The orc priest is moderately wounded.
The orc priest calls down the wrath of Beogh upon you.
Beogh smites you!
You die...

#.#..######
########.#..#
#...........#
#.######.##.# #.#
#.##.# #.# #.#..#
#.# #.#.##
#.######o#.#
####......[@#.#
#.....#######.#
#.###.# #.# #.# #.#
#.# ######.# #.# #.#
.......###.#######.#
...)...............#
####################


You could see an orc priest.

Vanquished Creatures
  Natasha (thrice) (D:2)
  Robin (D:2)
  3 adders
  An ooze (D:2)
  3 worms (D:2)
  4 dart slugs
  3 orcs (D:2)
  2 bats (D:2)
  19 goblins
  12 hobgoblins
  7 jackals (D:2)
  3 kobolds
  A frilled lizard (D:2)
  5 rats
67 creatures vanquished.

Notes
Turn   | Place    | Note
-------+----------+-------------------------------------------
     0 | D:1      | snakesoul the Gargoyle Fighter began the quest for the Orb.
     0 | D:1      | Reached XP level 1. HP: 14/14 MP: 1/1
   108 | D:1      | Reached XP level 2. HP: 19/19 MP: 2/2
   328 | D:1      | Reached XP level 3. HP: 23/23 MP: 3/3
  1138 | D:2      | Noticed Natasha
  1142 | D:2      | Noticed Robin
  1178 | D:2      | Killed Natasha
  1178 | D:2      | Reached XP level 4. HP: 11/29 MP: 4/4
  1203 | D:2      | Killed Robin
  1203 | D:2      | HP: 1/29 [goblin/dagger[Robin] (1)]
  1584 | D:2      | Noticed Natasha
  1612 | D:2      | Killed Natasha
  1612 | D:2      | Reached XP level 5. HP: 17/33 MP: 5/5
  1877 | D:2      | Noticed Natasha
  1889 | D:2      | Killed Natasha
  2348 | D:3      | Noticed wazuzu's ghost (amateur OgNe)
  2836 | D:2      | Killed from afar by an orc priest

Vault maps used:
D:1:      minmay_arrival_radiant_lines, grunt_decor_one_mirror
D:2:      cheibrodos_greedy_goblins, minmay_misc_feat_secret_circle, uniq_robin,
          uniq_natasha
D:3:      fedhas_altar_2, first_bread, uniq_jessica

Skill      XL: |  1  2  3  4  5 |
---------------+----------------+-----
Maces & Flails | 3 4 |  4.4
Shields        | 4 |  4.4
Fighting       | 4 |  4.3
Armour         | |  3.2

Action                   |  1- 3 |  4- 6 || total
-------------------------+-------+-------++-------
Melee: Flail             |   126 |   162 ||   288
       Morningstar       |       |    17 ||    17
  Use: Potion            |     1 |       ||     1
  Eat: Chunk             |     1 |     5 ||     6
Armor: Scale mail        |    17 |       ||    17
       Chain mail        |    41 |   108 ||   149
Dodge: Dodged            |    30 |    53 ||    83
Block: Shield            |    53 |   106 ||   159
